 Dungeon Crawl Stone Soup version 0.28.0-45-g0d030f2227 (webtiles) character file.

Game seed: 9180897591401230922

4267 CryoSword the Grappler (level 10, -8/96 HPs)
             Began as a Troll Monk on Apr 2, 2022.
             Was a Believer of Kikubaaqudgha.
             Mangled by a hornet (14 damage)
             ... on level 8 of the Dungeon.
             The game lasted 00:10:54 (6436 turns).

CryoSword the Grappler (Troll Monk)                 Turns: 6436, Time: 00:10:55

Health: -8/96      AC:  6    Str: 21    XL:     10   Next: 10%
Magic:  10/10      EV:  9    Int: 10    God:    Kikubaaqudgha [**....]
Gold:   182        SH: 11    Dex: 12    Spells: 8/11 levels left

rFire   . . .      SeeInvis +     - Unarmed
rCold   . . .      Faith    .   b - +2 kite shield
rNeg    . . .      Spirit   .   x - +2 robe
rPois   .          Reflect  .   (helmet restricted)
rElec   .          Harm     .   (no cloak)
rCorr   .          Rampage  .   (gloves unavailable)
Will    +....                   (boots unavailable)
Stlth   ++........              (no amulet)
HPRegen 1.06/turn               y - ring of see invisible
MPRegen 0.12/turn               B - ring of willpower

@: slowed, very slow
A: large, unfitting armour, claws 3, regeneration 1, shaggy fur 1, tough skin 1
a: Renounce Religion, Receive Corpses


You were on level 8 of the Dungeon.
You worshipped Kikubaaqudgha.
Kikubaaqudgha was pleased with you.
You visited 2 branches of the dungeon, and saw 9 of its levels.
You also visited: Sewer.

You collected 272 gold pieces.
You spent 90 gold pieces at shops.

Inventory:

Missiles
 k - 8 poisoned darts
 m - a curare-tipped dart (quivered)
 C - 2 boomerangs
Armour
 b - a +2 kite shield (worn)
   (You found it on level 1 of the Dungeon)
 x - a +2 robe (worn)
   (You took it off Sigmund on level 4 of the Dungeon)
Jewellery
 y - a ring of see invisible (left claw)
   (You found it on level 5 of the Dungeon)
 B - a ring of willpower (right claw)
   (You found it on level 6 of the Dungeon)
Wands
 z - a wand of acid (11)
   (You found it on level 5 of the Dungeon)
 E - a wand of iceblast (2)
   (You found it on level 7 of the Dungeon)
Scrolls
 a - 2 scrolls of teleportation {unknown}
 c - a scroll of summoning
 g - a scroll of torment {unknown}
 h - 3 scrolls of brand weapon
 j - 2 scrolls of blinking
 l - a scroll of amnesia {unknown}
 p - 2 scrolls of fear {unknown}
 s - a scroll of fog {unknown}
 t - a scroll of holy word {unknown}
 v - a scroll of silence
 A - a scroll of enchant armour {unknown}
Potions
 d - 3 potions of attraction {!q}
 e - a potion of curing {@q1}
 f - 2 potions of flight
 i - 2 potions of berserk rage
 n - 2 potions of cancellation
 o - a potion of mutation {unknown}
 r - a potion of lignification {unknown}
 u - a potion of brilliance {unknown}
 w - a potion of resistance {unknown}


   Skills:
 + Level 5.4 Fighting
 - Level 4.3 Throwing
 - Level 2.4 Dodging
 - Level 1.0 Stealth
 * Level 7.1 Shields
 * Level 9.0 Unarmed Combat
 + Level 1.0 Spellcasting
 * Level 2.0 Necromancy


You had 8 spell levels left.
You knew the following spells:

 Your Spells              Type           Power      Damage    Failure   Level
a - Vampiric Draining     Necr           4%         2d6       65%         3

Your spell library contained the following spells:

 Spells                   Type           Power      Damage    Failure   Level
 Animate Skeleton         Necr           8%         N/A       30%         1
 Apportation              Tloc           0%         N/A       56%         1
 Slow                     Hex            0%         N/A       56%         1
 Corpse Rot               Necr/Air       4%         N/A       56%         2
 Call Canine Familiar     Summ           0%         N/A       91%         3
 Confusing Touch          Hex            0%         N/A       91%         3
 Dazzling Flash           Conj/Hex       0%         N/A       91%         3
 Portal Projectile        Hex/Tloc       0%         N/A       91%         3
 Iskenderun's Mystic Bla  Conj/Tloc      0%         2d3       100%        4
 Leda's Liquefaction      Hex/Erth       0%         N/A       100%        4
 Agony                    Necr           4%         N/A       100%        5
 Alistair's Intoxication  Tmut/Pois      0%         N/A       100%        5
 Yara's Violent Unravell  Hex/Tmut       0%         3d3       100%        5
 Starburst                Conj/Fire      0%         6d3       100%        6
 Enfeeble                 Hex            0%         N/A       100%        7


Dungeon Overview and Level Annotations

Branches:
Dungeon (8/15)             Temple (1/1) D:7           Sewer (visited)
   Lair: D:8-11

Altars:
Ashenzari
Cheibriados
Dithmenos
Gozag
Hepliaklqana
Kikubaaqudgha
Makhleb
Nemelex Xobeh
Trog
Uskayaw
Wu Jian
Xom
Yredelemnul
Zin
The Shining One


Innate Abilities, Weirdness & Mutations

You are too large for most types of armour.
You have claws for hands.
Your natural rate of healing is unusually fast.
You are covered in fur. (AC +1)
You have tough skin. (AC +1)


Message History

Kikubaaqudgha accepts your kill.
No target in view!
No target in view!
No target in view!
No target in view!
No target in view!
No target in view!
No target in view!
No target in view!
No target in view!
No target in view!
No target in view!
No target in view!
You now have 172 gold pieces (gained 15).
You see here a +0 hand axe.
You now have 182 gold pieces (gained 10).
Found a stone staircase leading up.
There is a stone staircase leading up here.
A water moccasin comes into view.
You see here 6 gold pieces.
A water moccasin is nearby!
A water moccasin is nearby!
The water moccasin hisses angrily.
A killer bee zombie comes into view.
A bullfrog comes into view.
An acid dragon comes into view.
The bullfrog croaks.
The acid dragon roars!
You hear a shout!
A shadow imp comes into view.
The acid dragon spits acid at you. The splash of acid hits you!!
You hear an angry buzzing noise.
A hornet comes into view.
You block the water moccasin's attack.
The water moccasin bites you but does no damage.
You miss the water moccasin.
A wight comes into view. It is wielding a +0 trident.
You block the water moccasin's attack.
You closely miss the water moccasin. The water moccasin bites you.
You miss the water moccasin. The water moccasin bites you.
You are poisoned.
The water moccasin poisons you! You block the water moccasin's attack.
Found a spear.
You feel very sick. You block the hornet's attack.
You feel very sick. You block the water moccasin's attack.
You feel sick. The hornet barely misses you.
You see here 6 gold pieces.
You feel sick.
You feel sick. The hornet closely misses you.
You feel sick. The hornet stings you!
You are more poisoned.
You feel yourself slow down.
Unknown command.
Unknown command.
You feel very sick.
The hornet stings you but does no damage.
You closely miss the hornet.
You feel yourself speed up.
You feel very sick. The hornet stings you!
* * * LOW HITPOINT WARNING * * *
You feel yourself slow down. You block the hornet's attack.
Unknown command.
Unknown command.
You feel better. You block the hornet's attack. The hornet barely misses you.
You scratch the hornet.
You feel yourself speed up. You block the hornet's attack. x2
You miss the hornet. The hornet barely misses you.
You block the hornet's attack.
You barely miss the hornet. You block the hornet's attack.
You claw the hornet! The hornet stings you.
You feel yourself slow down.
The hornet stings you but does no damage.
You claw the hornet!
You feel yourself speed up. The hornet stings you.
You are poisoned.
You feel yourself slow down. The hornet stings you.
* * * LOW HITPOINT WARNING * * *
You suddenly lose the ability to move!
You can move again.
Unknown command.
Unknown command.
You barely miss the hornet.
You feel yourself speed up.
You feel very sick. The hornet stings you!
* * * LOW HITPOINT WARNING * * *
You feel yourself slow down. You block the hornet's attack.
Unknown command.
Unknown command.
Unknown command.
You feel much better.
You feel sick. The hornet stings you.
You feel as though you will be slow longer.
The hornet barely misses you.
You miss the hornet.
You feel sick. The hornet barely misses you. The hornet closely misses you.
You closely miss the hornet.
You feel sick. You block the hornet's attack. The hornet barely misses you.
You closely miss the hornet.
You feel sick.
You are no longer poisoned.
The hornet stings you!
* * * LOW HITPOINT WARNING * * *
You feel as though you will be slow longer.
The hornet stings you!
* * * LOW HITPOINT WARNING * * *
You feel as though you will be slow longer.
You scratch the hornet but do no damage.
You block the hornet's attack. The hornet stings you.
* * * LOW HITPOINT WARNING * * *
You are poisoned.
You feel as though you will be slow longer.
Unknown command.
Unknown command.
You scratch the hornet but do no damage.
You feel very sick. The hornet stings you.
* * * LOW HITPOINT WARNING * * *
You are more poisoned.
You suddenly lose the ability to move!
The hornet stings you.
* * * LOW HITPOINT WARNING * * *
You are more poisoned.
You shrug off the repeated paralysis!
The hornet stings you.
* * * LOW HITPOINT WARNING * * *
You are more poisoned.
You shrug off the repeated paralysis!
* * * LOW HITPOINT WARNING * * *
You feel extremely sick. The hornet stings you.
* * * LOW HITPOINT WARNING * * *
You feel as though you will be slow longer.
You can move again.
You feel much better.
* * * LOW HITPOINT WARNING * * *
You feel extremely sick. The hornet closely misses you. The hornet stings you!
* * * LOW HITPOINT WARNING * * *
You are more poisoned.
You feel as though you will be slow longer.
You feel better. You block the hornet's attack. The hornet stings you!
* * * LOW HITPOINT WARNING * * *
You feel as though you will be slow longer.
The hornet stings you but does no damage.
You closely miss the hornet. The hornet stings you!
You die...
Kikubaaqudgha rasps: "You have failed me!
Welcome... death!"

######## #......##
#.#.#.#.##
#..##.##.##########
#..............@yS#
#...#.##.########F#
#.#.#.#.## #.# #.#....##
#F# ##.#.#<## ####.#
.....#.# ...##..DZ######
##)....##.##..............
.)).......###.Z#z#.......)
############..#..#######..


You could see a hornet, a water moccasin and a bullfrog.

Vanquished Creatures
  Pikel (D:4)
  Sigmund (D:4)
  8 yaks
  A water moccasin (D:4)
  4 black bears
  2 ice beasts
  A sky beast (D:6)
  4 lemures
  A phantom (D:5)
  A kobold brigand (Sewer)
  2 bullfrogs
  4 scorpions
  4 wights (D:7)
  A howler monkey (D:5)
  2 hounds
  9 orc priests
  2 jellies (D:7)
  A centaur skeleton (D:7)
  A gnoll shaman (D:6)
  Jessica (D:3)
  2 iguanas
  A scorpion zombie (D:3)
  3 orc wizards
  A killer bee zombie (D:5)
  A hound zombie (D:3)
  7 gnolls
  11 adders
  3 river rats
  2 white imps
  An ufetubus (D:7)
  An adder zombie (D:3)
  2 adder skeletons (D:4)
  A worm (D:3)
  6 dart slugs
  23 orcs
  3 bats (D:2)
  8 endoplasms
  5 giant cockroaches
  11 goblins
  8 hobgoblins
  17 jackals
  9 kobolds
  8 quokkas
  17 ball pythons
  6 frilled lizards
  A quokka zombie (D:3)
  6 rats
215 creatures vanquished.

Vanquished Creatures (others)
  11 plants (Sewer)
11 creatures vanquished.

Grand Total: 226 creatures vanquished

Notes
Turn   | Place    | Note
-------+----------+-------------------------------------------
     0 | D:1      | CryoSword the Troll Monk began the quest for the Orb.
     0 | D:1      | Reached XP level 1. HP: 22/22 MP: 0/0
   114 | D:1      | Reached XP level 2. HP: 21/29 MP: 1/1
   161 | D:1      | Reached skill level 1 in Shields
   254 | D:1      | You fall into a shaft and drop 1 floor!
   279 | D:2      | Reached XP level 3. HP: 27/36 MP: 2/2
   699 | D:2      | Reached XP level 4. HP: 37/44 MP: 3/3
   891 | D:2      | Reached skill level 4 in Unarmed Combat
   935 | D:3      | Noticed Jessica
   938 | D:3      | Killed Jessica
  1043 | D:3      | Reached XP level 5. HP: 53/53 MP: 4/4
  1054 | D:3      | Found a glowing drain.
  1065 | Sewer    | Entered a sewer
  1391 | Sewer    | Reached XP level 6. HP: 61/61 MP: 5/5
  2226 | D:3      | Reached skill level 5 in Unarmed Combat
  2267 | D:3      | Found a basalt altar of Yredelemnul.
  2374 | D:3      | Found a sparkling altar of Nemelex Xobeh.
  2611 | D:4      | Found a hide-covered altar of Uskayaw.
  2611 | D:4      | Found a bloodstained altar of Trog.
  2611 | D:4      | Found an opulent altar of Gozag.
  2642 | D:4      | Noticed Pikel
  2934 | D:4      | Killed Pikel
  2935 | D:4      | Reached skill level 6 in Unarmed Combat
  2935 | D:4      | Reached XP level 7. HP: 45/68 MP: 6/6
  3157 | D:4      | Reached XP level 8. HP: 39/78 MP: 7/7
  3468 | D:4      | Found a glowing golden altar of the Shining One.
  3616 | D:4      | Noticed Sigmund
  3623 | D:4      | Killed Sigmund
  3764 | D:4      | Found an ornate altar of the Wu Jian Council.
  3821 | D:5      | Entered Level 5 of the Dungeon
  3900 | D:5      | Reached skill level 5 in Shields
  3997 | D:5      | Reached skill level 7 in Unarmed Combat
  4407 | D:6      | Found Zin's Purification Station.
  4410 | D:6      | Found a glowing silver altar of Zin.
  4424 | D:6      | Reached XP level 9. HP: 82/85 MP: 8/8
  4432 | D:6      | Bought a potion of curing for 90 gold pieces
  5343 | D:7      | Reached skill level 8 in Unarmed Combat
  5401 | D:7      | Reached skill level 5 in Fighting
  5482 | D:7      | Found a staircase to the Ecumenical Temple.
  5491 | Temple   | Entered the Ecumenical Temple
  5569 | Temple   | Became a worshipper of Kikubaaqudgha
  5569 | Temple   | Reached * piety under Kikubaaqudgha
  5569 | Temple   | Received a gift from Kikubaaqudgha
  5569 | Temple   | Reached ** piety under Kikubaaqudgha
  5594 | D:7      | Learned a level 3 spell: Vampiric Draining
  5639 | D:7      | Found a snail-covered altar of Cheibriados.
  5844 | D:7      | Found a hazy altar of Hepliaklqana.
  5904 | D:7      | Reached skill level 1 in Necromancy
  6020 | D:7      | Found a burning altar of Makhleb.
  6175 | D:7      | Reached XP level 10. HP: 62/96 MP: 10/10
  6357 | D:8      | Reached skill level 9 in Unarmed Combat
  6357 | D:8      | Reached skill level 1 in Spellcasting
  6425 | D:8      | Paralysed by a hornet for 1 turns
  6432 | D:8      | Paralysed by a hornet for 2 turns
  6434 | D:8      | HP: 3/96 [hornet (8)]
  6436 | D:8      | Mangled by a hornet

Illustrated notes

Levels and vault maps discovered:
D:1:      ebering_hopf_link, layout_basic
D:2:      layout_rooms
D:3:      layout_loops_ring, nemelex_dance_club_becter,
          nicolae_yredelemnul_corpse_copse, gup_sewer_entry_bubbles,
          uniq_jessica
D:4:      layout_loops_ring, tso_oasis_becter, nzn_wu_jian_council_hall,
          chequers_temple_overflow_statue_of_worship, hangedman_glass_teeth,
          uniq_sigmund, uniq_pikel
D:5:      layout_basic
D:6:      layout_gridville, zin_purify
D:7:      layout_cave_pools, lightli_temple_of_fire,
          mainiacjoe_overflow_alcove_2, mainiacjoe_overflow_surrounded_room,
          minmay_temple_entry_crystal_x
D:8:      layout_loops_ring, minmay_manual_mess, uniq_grum, uniq_maurice
Temple:   nicolae_temple_figure_zero

Skill      XL: |  1  2  3  4  5  6  7  8  9 10 |
---------------+-------------------------------+-----
Shields        | 1 2 4 5 7 |  7.1
Unarmed Combat | 4 6 7 8 9 |  9.0
Fighting       | 3 4 5 |  5.4
Throwing       | 2 3 4 |  4.3
Necromancy     | 1 2 |  2.0
Spellcasting   | 1 |  1.0
Dodging        | |  2.4
Stealth        | |  1.0

Action                   |  1- 3 |  4- 6 |  7- 9 | 10-12 || total
-------------------------+-------+-------+-------+-------++-------
Melee: Unarmed           |   110 |   269 |   307 |    38 ||   724
  Use: Scroll            |       |     6 |     6 |       ||    12
       Potion            |       |       |       |     4 ||     4
 Stab: Sleeping          |     1 |     7 |     4 |       ||    12
Armor: Robe              |    28 |    64 |    46 |     4 ||   142
Dodge: Dodged            |    53 |    82 |    96 |    15 ||   246
Block: Kite shield       |    58 |   132 |   130 |    27 ||   347
